 Dungeon Crawl Stone Soup version 0.32-a0-841-g4648e6c457 (webtiles) character file.

Game seed: 7226796414984422520

285 Fodor the Covered (level 6, -4/79 HPs)
             Began as a Minotaur Fighter on Mar 26, 2024.
             Killed by divine providence
             ... invoked by an orc priest
              (8 damage)
             ... on level 4 of the Dungeon.
             The game lasted 00:07:53 (3269 turns).

Fodor the Covered (Minotaur Fighter)                Turns: 3269, Time: 00:07:53

Health: -4/79      AC:  8    Str: 26    XL:     6   Next: 7%
Magic:  5/5        EV:  9    Int:  4    God:
Gold:   126        SH:  8    Dex:  9    Spells: 5/5 levels left

rFire   + . .        a - +0 war axe
rCold   + . .        i - +0 kite shield
rNeg    . . .        y - +2 ring mail {rC+}
rPois   +            (helmet restricted)
rElec   .            (no cloak)
rCorr   .            (no gloves)
SInv    .            (no boots)
Will    +....        (no amulet) Stlth
                     c - ring of protection from fire
HPRegen 0.33/turn    (no ring)
MPRegen 0.09/turn

%: no passive effects
@: berserking, attractive, enlightened, flying, very quick
A: horns 2, retaliatory headbutt, hooves 1, poison resistance, strong 1
a: Convert to Beogh


You were on level 4 of the Dungeon.
You visited 2 branches of the dungeon, and saw 5 of its levels.
You also visited: Sewer.

You collected 126 gold pieces.

Inventory:

Hand Weapons
 a - a +0 war axe (weapon)
Armour
 i - a +0 kite shield (worn)
 y - a +2 ring mail of cold resistance (worn)
Jewellery
 c - a ring of protection from fire (left hand)
Scrolls
 e - 2 scrolls of teleportation {unknown}
 f - a scroll of acquirement {unknown}
 g - 3 scrolls of identify
 h - 2 scrolls of torment {unknown}
 j - a scroll of vulnerability {unknown}
 p - 2 scrolls of revelation {unknown}
 q - a scroll of amnesia {unknown}
 s - 2 scrolls of fog {unknown}
 w - a scroll of immolation {unknown}
Potions
 d - a potion of might
 m - 2 potions of degeneration
 o - a potion of enlightenment
 t - a potion of invisibility {unknown}
 u - a potion of brilliance {unknown}
 v - a potion of heal wounds {unknown}
 x - a potion of curing {unknown}


   Skills:
 + Level 4.7 Fighting
 + Level 5.0 Axes
 + Level 5.1 Armour
 + Level 1.2 Dodging
 + Level 0.2 Stealth
 + Level 4.5 Shields


You had 5 spell levels left.
You didn't know any spells.
Your spell library was empty.

Dungeon Overview and Level Annotations

Branches:
Dungeon (4/15)             Temple (1/1) D:4           Sewer (visited)

Altars:
Ashenzari
Cheibriados
Elyvilon
Makhleb
Okawaru
Qazlal
Ru
Trog
Yredelemnul
The Shining One


Innate Abilities, Weirdness & Mutations

You have a pair of horns on your head.
You reflexively headbutt those who attack you in melee.
You have large cloven feet.
Your system is resistant to poisons. (rPois)
Your muscles are strong. (Str +4, Int/Dex -1)


Message History

The orc priest calls down the wrath of Beogh upon you.
Beogh smites you!
The orc priest calls down the wrath of Beogh upon you.
Beogh smites you!
* * * LOW HITPOINT WARNING * * *
As you read the scroll labelled REUMIJEXTIN, it crumbles to dust.
It is a scroll of identify.
m - 2 potions of degeneration
Okay, then.
It was a potion of mutation.
You feel extremely strange.
Your feet thicken and deform.
You feel resistant to poisons.
You feel stronger.
The orc priest casts a cantrip, but nothing happens.
The orc priest shouts, "The Pantheon deserves no one's loyalty.
Let us show you the true path!"
The orc priest hits you but does no damage.
It was a potion of enlightenment.
You feel very buoyant.
You fly up into the air.
The orc priest barely misses you. You furiously retaliate!
You headbutt the orc priest!
It was a potion of magic.
Magic courses through your body.
The orc priest begins to cast a cantrip, but forgets the words!
The orc priest shouts, "Surrender to Beogh and we'll let you live!"
It was a potion of attraction.
You feel attractive to monsters.
The orc priest invokes the aid of Beogh against you.
You resist with some effort.
The orc priest shouts, "Beogh offers mercy even to people such as you.
Join us and be reborn!"
It was a potion of berserk rage.
A red film seems to cover your vision as you go berserk!
You feel yourself moving faster!
You feel mighty! The orc priest hits you with a +0 club.
* * * LOW HITPOINT WARNING * * *
Unknown command.
You are too berserk!
Unknown command.
You hit the orc priest.
You kill the orc priest!
The orc priest shouts, "Surrender to Beogh and we'll let you live!"
The orc priest mumbles some strange prayers to Beogh against you.
Beogh smites you!
You die...

......#####....#.#
##..### #....#.#
##..# #.#.##.#
....# #......#
...## ###....#
#### ####.#######
#......$....
#.##.######. # #@#
#)# #o# #.# ..#
..# ..# ...#


You could see an orc priest.

Vanquished Creatures
  A kobold brigand (Sewer)
  A hound (D:4)
  A bombardier beetle (D:4)
  An orc priest (D:4)
  7 adders
  A river rat (Sewer)
  2 dart slugs
  3 ribbon worms
  3 orcs (D:4)
  10 bats
  7 endoplasms
  4 giant cockroaches (D:3)
  2 goblins
  4 hobgoblins
  9 kobolds
  3 quokkas
  8 ball pythons
  A frilled lizard (D:1)
  8 rats
76 creatures vanquished.

Notes
Turn   | Place    | Note
-------+----------+-------------------------------------------
     0 | D:1      | Fodor the Minotaur Fighter began the quest for the Orb.
     0 | D:1      | Reached XP level 1. HP: 19/19 MP: 0/0
   261 | D:1      | Reached XP level 2. HP: 19/27 MP: 1/1
   966 | D:2      | Reached XP level 3. HP: 33/33 MP: 2/2
  1598 | D:3      | Found a bloodstained altar of Trog.
  1731 | D:3      | Found a glowing drain.
  1743 | Sewer    | Entered a sewer
  1753 | Sewer    | Reached XP level 4. HP: 41/41 MP: 3/3
  2099 | Sewer    | Noticed a kobold brigand
  2105 | Sewer    | Killed a kobold brigand
  2106 | Sewer    | Reached skill level 1 in Dodging
  2106 | Sewer    | Reached XP level 5. HP: 9/47 MP: 4/4
  2565 | D:3      | Found a burning altar of Makhleb.
  2669 | D:3      | Found an iron altar of Okawaru.
  2692 | D:3      | Identified the +1 short sword "Nunarr" {spect, Str+2
                  | Stlth+}
  2889 | D:4      | Found a staircase to the Ecumenical Temple.
  2896 | Temple   | Entered the Ecumenical Temple
  3032 | D:4      | Reached skill level 5 in Armour
  3127 | D:4      | Reached XP level 6. HP: 42/53 MP: 5/5
  3259 | D:4      | Reached skill level 5 in Axes
  3264 | D:4      | Gained mutation: You have large cloven feet. [potion of
                  | mutation]
  3264 | D:4      | Gained mutation: Your system is resistant to poisons.
                  | (rPois) [potion of mutation]
  3264 | D:4      | Gained mutation: Your muscles are strong. (Str +4, Int/Dex
                  | -1) [potion of mutation]
  3269 | D:4      | Killed from afar by an orc priest

Illustrated notes

Levels and vault maps discovered:
D:1:      minmay_arrival_plants_in_alcoves, layout_basic
D:2:      layout_basic
D:3:      layout_loops_ring, lightli_temple_of_fire,
          hellmonk_okawaru_the_only_friend_you_need, marbit_many_paths,
          gup_sewer_entry_glass
D:4:      layout_loops_cross, lemuel_doored_altar,
          minmay_temple_entry_mini_moons, serial_bayou_crossing, uniq_edmund
Temple:   hellmonk_temple_beads

Skill      XL: |  1  2  3  4  5  6 |
---------------+-------------------+-----
Armour         | 4 5 |  5.1
Fighting       | 4 |  4.7
Shields        | 4 |  4.5
Axes           | 3 4 5 |  5.0
Dodging        | 1 |  1.2
Stealth        | |  0.2

Action                     |  1- 3 |  4- 6 || total
---------------------------+-------+-------++-------
  Melee: War axe           |   103 |    78 ||   181
         Headbutt          |    13 |     7 ||    20
    Use: Potion            |       |     5 ||     5
         Scroll            |       |     1 ||     1
 Armour: Scale mail        |    89 |    45 ||   134
         Ring mail         |       |    14 ||    14
  Dodge: Dodged            |    50 |    24 ||    74
  Block: Buckler           |    10 |       ||    10
         Kite shield       |    39 |    38 ||    77

Table legend: (Time is in decaauts)
 A = Elapsed time spent in this place.
 B = Non-inter-level travel time spent in this place.
 C = Inter-level travel time spent in this place.
 D = Time resting spent in this place.
 E = Time spent auto-exploring this place.
 F = Levels seen in this place.
 G = Mean time per level.
                   A        B        C        D        E       F      G
               +--------+--------+--------+--------+--------+-----+--------+
         Total |   3433 |   3379 |     54 |    300 |   1964 |   6 |  572.2 |
       Dungeon |   2605 |   2551 |     54 |    100 |   1653 |   4 |  651.2 |
        Temple |     96 |     96 |      0 |      0 |      0 |   1 |   96.0 |
         Sewer |    731 |    731 |      0 |    200 |    311 |   1 |  731.0 |
               +--------+--------+--------+--------+--------+-----+--------+

Top non-repeatable levels by time:
     D:3: 783 daAuts
     D:1: 752 daAuts
     D:2: 734 daAuts
   Sewer: 731 daAuts
     D:4: 335 daAuts
  Temple: 96 daAuts
